 Dungeon Crawl Stone Soup version 0.30.0-29-ga12c61a403 (webtiles) character file.

Game seed: 11529664025362424418

70581 comborobin the Nimble (level 15, 0/121 HPs)
             Began as a Gnoll Delver on June 6, 2023.
             Was the Champion of Cheibriados.
             Slain by an Ice Fiend (17 damage)
             ... in an ice cave.
             The game lasted 00:43:56 (19883 turns).

comborobin the Nimble (Gnoll Delver)               Turns: 19883, Time: 00:43:56

Health: 0/121      AC: 17    Str: 32    XL:     15   Next: 33%
Magic:  29/29      EV: 26    Int: 30    God:    Cheibriados [******]
Gold:   642        SH:  0    Dex: 30    Spells: 4/34 levels left

rFire   + . .        O - +0 executioner's axe (holy)
rCold   + + .        (shield currently unavailable)
rNeg    . . .        Y - +2 ring mail {rC+}
rPois   .            w - +2 helmet {Int+3}
rElec   .            P - +1 cloak {rCorr}
rCorr   +            G - +1 pair of gloves of the Turtledove {rF++}
SInv    .            (no boots)
Will    +....        T - amulet of magic regeneration
Stlth   +++++++      B - ring of ice
HPRegen 0.40/turn    y - +4 ring of slaying
MPRegen 0.61/turn

%: no passive effects
@: mighty, studying Dodging, very slow
A: fangs 1, strong nose, distributed training, camouflage 1, mutation resistance
1, strong 1
a: Renounce Religion, Bend Time, Temporal Distortion, Slouch, Step From Time


You were in an ice cave.
You worshipped Cheibriados.
Cheibriados was exalted by your worship.
You visited 4 branches of the dungeon, and saw 19 of its levels.
You visited the Abyss 1 time.
You also visited: Bailey and Ice Cave.

You collected 1482 gold pieces.
You spent 840 gold pieces at shops.

Inventory:

Hand Weapons
 a - a +1 battleaxe of venom
 b - a +3 battleaxe of flaming
 k - the +2 hand axe "Vingim" {elec, rN++}
   (You found it on level 5 of the Dungeon)

   rN:        It greatly protects you from negative energy.
 O - a +0 executioner's axe of holy wrath (weapon)
 W - a +4 dire flail
Missiles
 f - 17 curare-tipped darts
 q - 11 javelins
 v - 3 silver javelins
 I - 30 boomerangs
 K - 43 poisoned darts
Armour
 w - a +2 helmet of intelligence (worn)
 F - a +3 leather armour of fire resistance
 G - the +1 pair of gloves of the Turtledove (worn) {rF++}
   (You found it on level 11 of the Dungeon)

   rF:        It greatly protects you from fire.
 P - a +1 cloak of preservation (worn)
 X - a +2 robe of willpower
 Y - a +2 ring mail of cold resistance (worn)
Jewellery
 y - a +4 ring of slaying (right hand)
 z - a ring of protection from fire
 B - a ring of ice (left hand)
 E - a +5 ring of evasion
 H - a ring of resist corrosion
 J - a ring of fire
 R - an amulet of faith
 T - an amulet of magic regeneration (around neck)
 V - a +5 ring of evasion
Wands
 g - a wand of digging (7)
 j - a wand of acid (1)
 o - a wand of paralysis (8)
 t - a wand of polymorph (1)
 C - a wand of iceblast (4)
 N - a wand of flame (41)
 S - a wand of mindburst (1)
Scrolls
 c - a scroll of fog
 e - a scroll of fear
 h - 3 scrolls of torment
 i - 3 scrolls of vulnerability
 l - a scroll of teleportation
 n - 6 scrolls of poison
 r - a scroll of identify
 s - 6 scrolls of amnesia
 u - 5 scrolls of immolation
 D - 2 scrolls of enchant weapon
 Z - a scroll of enchant armour
Potions
 d - 3 potions of might
 p - a potion of flight
 x - 7 potions of curing
 A - 2 potions of magic
 M - a potion of lignification
 Q - 2 potions of heal wounds
Miscellaneous
 L - a phantom mirror


   Skills:
 + Level 12.2 Fighting
 + Level 10.4 Short Blades
 + Level 10.4 Long Blades
 + Level 11.3 Axes
 + Level 10.4 Maces & Flails
 + Level 10.4 Polearms
 + Level 10.4 Staves
 + Level 10.4 Ranged Weapons
 + Level 10.4 Throwing
 + Level 10.4 Armour
 + Level 14.1 Dodging
 + Level 13.8 Stealth
 + Level 10.4 Shields
 + Level 10.4 Unarmed Combat
 + Level 10.4 Spellcasting
 + Level 8.7 Conjurations
 + Level 8.7 Hexes
 + Level 8.7 Summonings
 + Level 8.7 Necromancy
 + Level 8.7 Translocations
 + Level 8.7 Transmutations
 + Level 8.7 Fire Magic
 + Level 8.7 Ice Magic
 + Level 8.7 Air Magic
 + Level 8.7 Earth Magic
 + Level 8.7 Poison Magic
 + Level 11.3 Invocations
 + Level 10.4 Evocations


You had 4 spell levels left.
You knew the following spells:

 Your Spells              Type           Power      Damage    Failure   Level
a - Poisonous Vapours     Pois/Air       100%       N/A       1%          2
b - Wereblood             Tmut           61%        N/A       1%          2
c - Borgnjor's Vile Clut  Necr/Erth      30%        N/A       3%          5
d - Eringya's Noxious Bo  Tmut/Pois      30%        N/A       19%         6
e - Volatile Blastmotes   Fire/Tloc      100%       2d18      1%          3
h - Passage of Golubria   Tloc           61%        N/A       1%          4
i - Ignite Poison         Fire/Tmut/Pois 61%        N/A       1%          3
A - Apportation           Tloc           100%       N/A       1%          1
O - Olgreb's Toxic Radia  Pois           61%        N/A       1%          4

Your spell library contained the following spells:

 Spells                   Type           Power      Damage    Failure   Level
 Beastly Appendage        Tmut           100%       N/A       1%          1
 Necrotise                Necr           100%       1d9       1%          1
 Sting                    Tmut/Pois      100%       1d8       1%          1
 Summon Small Mammal      Summ           100%       N/A       1%          1
 Lesser Beckoning         Tloc           100%       N/A       1%          2
 Sublimation of Blood     Necr           61%        N/A       1%          2
 Dazzling Flash           Conj/Hex       100%       N/A       1%          3
 Gell's Gravitas          Tloc           61%        N/A       1%          3
 Portal Projectile        Hex/Tloc       100%       N/A       1%          3
 Spider Form              Tmut/Pois      61%        N/A       1%          3
 Stone Arrow              Conj/Erth      100%       3d13      1%          3
 Teleport Other           Tloc           61%        N/A       1%          3
 Tukima's Dance           Hex            61%        N/A       1%          3
 Airstrike                Air            30%        2d(5-21)  1%          4
 Animate Armour           Summ/Erth      100%       N/A       1%          4
 Iskenderun's Mystic Bla  Conj/Tloc      61%        2d13      1%          4
 Sticky Flame             Conj/Fire      61%        2d8       1%          4
 Agony                    Necr           61%        N/A       3%          5
 Alistair's Intoxication  Tmut/Pois      40%        N/A       3%          5
 Blade Hands              Tmut           30%        N/A       3%          5
 Yara's Violent Unravell  Hex/Tmut       30%        3d13      3%          5
 Starburst                Conj/Fire      30%        6d9       19%         6
 Ignition                 Fire           30%        3d10      100%        8
 Lehudib's Crystal Spear  Conj/Erth      30%        10d8      100%        8


Dungeon Overview and Level Annotations

Branches:
Dungeon (15/15)            Temple (1/1) D:4            Lair (1/5) D:8
    Orc (2/2) D:9             Elf (0/3) Orc:2        Vaults (0/5) D:13
 Depths (0/4) D:15         Bailey (visited)           IceCv (1/1)

Altars:
Ashenzari
Cheibriados
Dithmenos
Elyvilon
Fedhas
Gozag
Hepliaklqana
Kikubaaqudgha
Makhleb
Nemelex Xobeh
Okawaru
Qazlal
Ru
Sif Muna
Trog
Uskayaw
Vehumet
Wu Jian
Xom
Yredelemnul
Zin
The Shining One

Shops:
D:5 =   D:8 :   D:10 =   Orc:2 :*[(

Annotations:
D:7 exclusion: wraith
D:14 exclusion: downstairs
D:15 exclusion: 2 ice statues IceCv exclusion: 2 obsidian statues


Innate Abilities, Weirdness & Mutations

You have very sharp teeth.
Your uncanny sense of smell can sniff out nearby items.
Your experience applies equally to all skills.
Your skin changes colour to match your surroundings (Stealth+).
You are somewhat resistant to further mutation.
Your muscles are strong. (Str +4, Int/Dex -1)


Message History

You chop the Ice Fiend into pieces!!!
The Ice Fiend convulses!!!
You kill the Ice Fiend!
Cheibriados appreciates the change of pace.
You feel much better.
Okay, then.
Aiming: Corrosive Bolt
Press: ? - help, Shift-Dir - straight line, f - Ice Fiend
Aim: an Ice Fiend (89% to hit)
The bolt of acid hits the Ice Fiend!!
The Ice Fiend is moderately wounded.
Unknown command.
Aiming: Corrosive Bolt
Press: ? - help, Shift-Dir - straight line, f/p - Ice Fiend
Aim: an Ice Fiend (moderately wounded, 89% to hit)
The bolt of acid hits the Ice Fiend!
The acid corrodes the Ice Fiend!
The Ice Fiend is moderately wounded.
Unknown command.
Aiming: Corrosive Bolt
Press: ? - help, Shift-Dir - straight line, f/p - Ice Fiend
Aim: an Ice Fiend (moderately wounded, covered in acid, 89% to hit)
The bolt of acid hits the Ice Fiend!!
The Ice Fiend seems to be corroded for longer.
The Ice Fiend is heavily wounded.
Unknown command.
Aiming: Corrosive Bolt
Press: ? - help, Shift-Dir - straight line, f/p - Ice Fiend
Aim: an Ice Fiend (heavily wounded, covered in acid, 89% to hit)
The bolt of acid misses the Ice Fiend.
The Ice Fiend calls on the powers of darkness!
Your body is wracked with pain!
* * * LOW HITPOINT WARNING * * *
You barely miss the Ice Fiend.
The Ice Fiend is heavily wounded.
The Ice Fiend calls on the powers of darkness!
Your body is wracked with pain!
* * * LOW HITPOINT WARNING * * *
You slice the Ice Fiend!!
The Ice Fiend convulses!!
The Ice Fiend is almost dead.
The Ice Fiend claws you!
You die...

#.'.........
#.#####'####
##.#.#.#.#
######8.#'#'#.#+#+
#.......#.........
#.#####.#.8.8.8.8.
##.#[.[#.#.........
#⌠.1?⌠.#.+.........
#@#∆∆∆#.#.........
#.#####.#.8.8.8.8.
#.......#.........
######8.#'#'#.#'#'
##.#.#.#.#.#.
#.#####+####
#.+...... #########


You could see an Ice Fiend (corroded).

Vanquished Creatures
  A hellephant (Abyss:1)
  Rupert (D:12)
  An Ice Fiend (IceCv)
  An orc warlord (Orc:2)
  Snorg (D:11)
  Fannar (D:11)
  Erolcha (D:13)
  2 caustic shrike simulacra (IceCv)
  3 boulder beetles
  Erica (D:9)
  2 dancing weapons (D:13)
  6 two-headed ogres
  2 centaur warriors
  5 orc high priests
  Sonja (Orc:2)
  A deep troll (D:15)
  2 spriggan simulacra (IceCv)
  A necromancer (D:15)
  Pikel (D:8)
  6 orc knights
  6 orc sorcerers
  2 deep elf pyromancers (D:14)
  5 cyclopes
  A manticore (D:11)
  12 ugly things
  3 elephants (Lair:1)
  2 gargoyles
  4 smoke demons (Abyss:1)
  Maggie (D:8)
  4 kobold demonologists
  A cane toad (Lair:1)
  2 unseen horrors
  A rime drake (Lair:1)
  5 komodo dragons
  Psyche (D:8)
  An efreet (D:14)
  2 tengu conjurers
  2 golden dragon simulacra (IceCv)
  5 freezing wraiths
  2 ancient zymes (Abyss:1)
  6 trolls
  A troll (shapeshifter) (D:12)
  A hornet (D:7)
  A polar bear (D:9)
  5 hellwings (Abyss:1)
  A tarantella (shapeshifter) (D:15)
  3 meliai (D:14)
  A shadow (D:10)
  A dire elephant simulacrum (IceCv)
  11 slime creatures
  A wraith (D:10)
  A vampire (D:11)
  A wyvern (Lair:1)
  2 water elementals (D:13)
  A small abomination (Abyss:1)
  24 yaks
  A steam dragon (D:9)
  11 vampire mosquitoes
  2 large abominations (Abyss:1)
  A neqoxec (Abyss:1)
  14 wargs
  A minotaur simulacrum (IceCv)
  2 hydra simulacra (IceCv)
  3 water moccasins
  A hell hound (D:10)
  4 ice beasts
  56 orc warriors
  2 black bears (D:8)
  An ettin simulacrum (IceCv)
  5 centaurs
  2 ogres (Orc:2)
  4 lemures (D:8)
  A phantom (D:5)
  11 kobold brigands
  6 gnoll sergeants
  6 bullfrogs
  5 scorpions
  4 wights (D:8)
  5 killer bees (D:9)
  2 electric eels
  5 howler monkeys (D:10)
  A crimson imp (D:5)
  3 hounds
  A jelly (D:6)
  25 orc priests
  5 gnoll boudas (D:10)
  2 sleepcaps
  4 iguanas
  An iron imp (Abyss:1)
  Jessica (D:2)
  42 orc wizards
  3 centaur simulacra
  Robin (D:2)
  8 gnolls
  10 adders
  A shadow imp (D:7)
  3 white imps
  A howler monkey simulacrum (D:9)
  4 ufetubi
  4 worms
  3 dart slugs
  96 orcs
  6 endoplasms
  4 giant cockroaches
  8 hobgoblins
  29 kobolds
  5 quokkas
  7 ball pythons
  5 bats
  3 frilled lizards
  17 goblins
  3 rats
624 creatures vanquished.

Vanquished Creatures (others)
  An orc wizard (Orc:2)
1 creature vanquished.

Grand Total: 625 creatures vanquished

Notes
Turn   | Place    | Note
-------+----------+-------------------------------------------
     0 | D:5      | comborobin the Gnoll Delver began the quest for the Orb.
     0 | D:5      | Reached XP level 1. HP: 23/23 MP: 1/1
     4 | D:5      | Noticed a scorpion
   198 | D:6      | Noticed a scorpion
   341 | D:5      | Noticed a sleepcap
   342 | D:5      | Identified the +2 hand axe "Vingim" {elec, rN++}
   388 | D:5      | Found Xiok's Jewellery Shop.
   458 | D:3      | Reached XP level 2. HP: 26/29 MP: 2/2
   757 | D:3      | Reached XP level 3. HP: 28/35 MP: 3/3
   946 | D:3      | Reached skill level 1 in Invocations
  1031 | D:3      | Reached skill level 1 in Short Blades
  1031 | D:3      | Reached skill level 1 in Long Blades
  1031 | D:3      | Reached skill level 1 in Maces & Flails
  1031 | D:3      | Reached skill level 1 in Polearms
  1031 | D:3      | Reached skill level 1 in Staves
  1031 | D:3      | Reached skill level 1 in Ranged Weapons
  1031 | D:3      | Reached skill level 1 in Throwing
  1031 | D:3      | Reached skill level 1 in Armour
  1031 | D:3      | Reached skill level 1 in Shields
  1031 | D:3      | Reached skill level 1 in Unarmed Combat
  1031 | D:3      | Reached skill level 1 in Spellcasting
  1031 | D:3      | Reached skill level 1 in Evocations
  1031 | D:3      | Reached XP level 4. HP: 26/41 MP: 5/5
  1339 | D:2      | Noticed Jessica
  1351 | D:2      | Killed Jessica
  1352 | D:2      | Reached skill level 1 in Conjurations
  1352 | D:2      | Reached skill level 1 in Hexes
  1352 | D:2      | Reached skill level 1 in Summonings
  1352 | D:2      | Reached skill level 1 in Necromancy
  1352 | D:2      | Reached skill level 1 in Translocations
  1352 | D:2      | Reached skill level 1 in Transmutations
  1352 | D:2      | Reached skill level 1 in Fire Magic
  1352 | D:2      | Reached skill level 1 in Ice Magic
  1352 | D:2      | Reached skill level 1 in Air Magic
  1352 | D:2      | Reached skill level 1 in Earth Magic
  1352 | D:2      | Reached skill level 1 in Poison Magic
  1408 | D:2      | Noticed Robin
  1416 | D:2      | Killed Robin
  1429 | D:2      | Reached XP level 5. HP: 46/47 MP: 7/7
  1501 | D:2      | Learned a level 2 spell: Poisonous Vapours
  1816 | D:2      | Learned a level 2 spell: Wereblood
  2071 | D:2      | Reached XP level 6. HP: 49/53 MP: 8/8
  2392 | D:4      | Identified the +7 mace "Potuxapn" {elec, Contam Str+3
                  | Int+5}
  2507 | D:4      | Found a staircase to the Ecumenical Temple.
  2514 | D:4      | Reached skill level 5 in Axes
  2514 | D:4      | Reached skill level 5 in Dodging
  2519 | Temple   | Entered the Ecumenical Temple
  2540 | Temple   | Became a worshipper of Cheibriados the Contemplative
  3527 | D:4      | Reached * piety under Cheibriados
  3839 | D:5      | Found a burning altar of Makhleb.
  3873 | D:5      | Reached XP level 7. HP: 56/60 MP: 10/10
  4171 | D:5      | Reached skill level 10 in Stealth
  4779 | D:6      | Reached ** piety under Cheibriados
  4780 | D:6      | Got the Notes on Postmortem Anemomancy
  4929 | D:6      | Reached XP level 8. HP: 61/67 MP: 12/12
  5138 | D:6      | Learned a level 4 spell: Olgreb's Toxic Radiance
  5160 | D:6      | Found a shimmering blue altar of Sif Muna.
  5656 | D:7      | Found a glowing silver altar of Zin.
  5835 | D:7      | Noticed a wraith
  6103 | D:7      | Noticed a hornet
  6111 | D:7      | Killed a hornet
  6116 | D:7      | Reached skill level 6 in Dodging
  6120 | D:7      | Reached *** piety under Cheibriados
  6306 | D:8      | Found Derifil's Book Emporium.
  6477 | D:8      | Reached XP level 9. HP: 73/73 MP: 13/15
  6500 | D:8      | Noticed a komodo dragon
  6517 | D:8      | Killed a komodo dragon
  6747 | D:8      | Reached skill level 5 in Invocations
  6947 | D:8      | Noticed Psyche
  6951 | D:8      | Killed Psyche
  7043 | D:8      | Noticed Pikel
  7065 | D:8      | Killed Pikel
  7066 | D:8      | Reached skill level 5 in Short Blades
  7066 | D:8      | Reached skill level 5 in Long Blades
  7066 | D:8      | Reached skill level 5 in Maces & Flails
  7066 | D:8      | Reached skill level 5 in Polearms
  7066 | D:8      | Reached skill level 5 in Staves
  7066 | D:8      | Reached skill level 5 in Ranged Weapons
  7066 | D:8      | Reached skill level 5 in Throwing
  7066 | D:8      | Reached skill level 5 in Armour
  7066 | D:8      | Reached skill level 7 in Dodging
  7066 | D:8      | Reached skill level 5 in Shields
  7066 | D:8      | Reached skill level 5 in Unarmed Combat
  7066 | D:8      | Reached skill level 5 in Spellcasting
  7066 | D:8      | Reached skill level 5 in Evocations
  7066 | D:8      | Reached XP level 10. HP: 45/82 MP: 2/17
  7385 | D:8      | Noticed a boulder beetle
  7392 | D:8      | Reached **** piety under Cheibriados
  7499 | D:8      | Killed a boulder beetle
  7665 | D:8      | Learned a level 3 spell: Ignite Poison
  7902 | D:8      | Noticed Maggie
  7909 | D:8      | Killed Maggie
  8072 | D:8      | Found a staircase to the Lair.
  8332 | D:9      | Noticed a two-headed ogre
  8337 | D:9      | Killed a two-headed ogre
  8342 | D:9      | Reached skill level 8 in Dodging
  8472 | D:9      | Found an opulent altar of Gozag.
  8555 | D:9      | Reached skill level 5 in Conjurations
  8555 | D:9      | Reached skill level 5 in Hexes
  8555 | D:9      | Reached skill level 5 in Summonings
  8555 | D:9      | Reached skill level 5 in Necromancy
  8555 | D:9      | Reached skill level 5 in Translocations
  8555 | D:9      | Reached skill level 5 in Transmutations
  8555 | D:9      | Reached skill level 5 in Fire Magic
  8555 | D:9      | Reached skill level 5 in Ice Magic
  8555 | D:9      | Reached skill level 5 in Air Magic
  8555 | D:9      | Reached skill level 5 in Earth Magic
  8555 | D:9      | Reached skill level 5 in Poison Magic
  8555 | D:9      | Reached XP level 11. HP: 78/89 MP: 13/20
  8621 | D:9      | Found a staircase to the Orcish Mines.
  8693 | D:9      | Noticed Erica
  8709 | D:9      | Killed Erica
  8712 | D:9      | Reached ***** piety under Cheibriados
  9348 | D:9      | Found a hazy altar of Hepliaklqana.
  9441 | D:10     | Entered Level 10 of the Dungeon
  9547 | D:10     | Noticed a two-headed ogre
  9550 | D:10     | Killed a two-headed ogre
  9551 | D:10     | Reached skill level 9 in Dodging
  9586 | D:10     | Found a flagged portal.
  9634 | Bailey   | Entered a bailey
  9793 | Bailey   | Found an iron altar of Okawaru.
  9971 | D:10     | Found Vikipniu's Jewellery Emporium.
 10157 | D:5      | Bought an amulet of magic regeneration for 360 gold pieces
 10999 | D:10     | Reached XP level 12. HP: 91/97 MP: 16/22
 11130 | D:10     | Reached skill level 10 in Dodging
 11136 | D:10     | Reached skill level 10 in Fighting
 11274 | D:10     | Noticed a two-headed ogre
 11278 | D:10     | Killed a two-headed ogre
 12111 | D:11     | Noticed a boulder beetle
 12116 | D:11     | Killed a boulder beetle
 12171 | D:11     | Noticed Snorg
 12179 | D:11     | Killed Snorg
 12239 | D:11     | Noticed a two-headed ogre
 12242 | D:11     | Killed a two-headed ogre
 12259 | D:11     | Learned a level 1 spell: Apportation
 12311 | D:11     | Reached skill level 11 in Dodging
 12369 | D:11     | Noticed Fannar
 12373 | D:11     | Killed Fannar
 12374 | D:11     | Reached XP level 13. HP: 104/104 MP: 17/25
 12378 | D:11     | Found a gate leading to a gauntlet.
 12417 | D:11     | Identified the +1 pair of gloves of the Turtledove {rF++}
 13376 | D:12     | Found a runed translucent door.
 13435 | D:12     | Noticed Rupert
 13456 | D:12     | Killed Rupert
 13456 | D:12     | Reached ****** piety under Cheibriados
 13775 | D:12     | Learned a level 5 spell: Borgnjor's Vile Clutch
 13950 | D:13     | Noticed Erolcha
 13950 | Abyss:1  | Found a corrupted altar of Lugonu.
 13950 | Abyss:1  | Cast into level 1 of the Abyss (Erolcha)
 13995 | Abyss:1  | Found a corrupted altar of Lugonu.
 14041 | Abyss:1  | Noticed a reaper
 14270 | Abyss:1  | Found a corrupted altar of Lugonu.
 14338 | Abyss:1  | Noticed a tentacled starspawn
 14427 | Abyss:1  | Reached skill level 10 in Axes
 14427 | Abyss:1  | Reached skill level 12 in Dodging
 14619 | Abyss:1  | Noticed a hellephant
 14635 | Abyss:1  | Killed a hellephant
 14638 | D:13     | Escaped the Abyss
 14652 | D:13     | Killed Erolcha
 15026 | D:13     | Found a gate to the Vaults.
 15243 | D:12     | Reached XP level 14. HP: 105/113 MP: 27/27
 15271 | D:13     | Reached skill level 10 in Invocations
 15793 | Lair:1   | Entered Level 1 of the Lair of Beasts
 15955 | Lair:1   | Gained mutation: Your muscles are strong. (Str +4, Int/Dex
                  | -1) [potion of mutation]
 15955 | Lair:1   | Gained mutation: You are somewhat resistant to further
                  | mutation. [potion of mutation]
 15955 | Lair:1   | Gained mutation: Your skin changes colour to match your
                  | surroundings (Stealth+). [potion of mutation]
 16248 | Orc:1    | Entered Level 1 of the Orcish Mines
 16634 | Orc:1    | You fall into a shaft and drop 1 floor!
 16634 | Orc:2    | Entered Level 2 of the Orcish Mines
 16738 | Orc:2    | Found a staircase to the Elven Halls.
 16995 | Orc:2    | Noticed Sonja
 16998 | Orc:2    | Killed Sonja
 17079 | Orc:2    | Noticed an orc warlord
 17082 | Orc:2    | Paralysed by an orc sorcerer for 4 turns
 17083 | Orc:2    | Reached skill level 13 in Dodging
 17525 | Orc:2    | Killed an orc warlord
 17752 | Orc:2    | Found Hufolus's General Store.
 17753 | Orc:2    | Found Tumommegh's Book Shop.
 17754 | Orc:2    | Found Sukea's Antique Armour Boutique.
 17754 | Orc:2    | Found Xeqozoc's Antique Weapon Boutique.
 17769 | Orc:2    | Bought Great Wizards, Vol. VII for 480 gold pieces
 17774 | Orc:2    | Learned a level 4 spell: Passage of Golubria
 18557 | D:14     | Reached skill level 10 in Short Blades
 18557 | D:14     | Reached skill level 10 in Long Blades
 18557 | D:14     | Reached skill level 10 in Maces & Flails
 18557 | D:14     | Reached skill level 10 in Polearms
 18557 | D:14     | Reached skill level 10 in Staves
 18557 | D:14     | Reached skill level 10 in Ranged Weapons
 18557 | D:14     | Reached skill level 10 in Throwing
 18557 | D:14     | Reached skill level 10 in Armour
 18557 | D:14     | Reached skill level 10 in Shields
 18557 | D:14     | Reached skill level 10 in Unarmed Combat
 18557 | D:14     | Reached skill level 10 in Spellcasting
 18557 | D:14     | Reached skill level 10 in Evocations
 18572 | D:14     | Learned a level 6 spell: Eringya's Noxious Bog
 19127 | D:15     | Entered Level 15 of the Dungeon
 19145 | D:15     | Reached XP level 15. HP: 88/120 MP: 24/29
 19255 | D:15     | Found a frozen archway.
 19266 | IceCv    | Entered an ice cave
 19374 | IceCv    | Learned a level 3 spell: Volatile Blastmotes
 19396 | IceCv    | Reached skill level 14 in Dodging
 19869 | IceCv    | Noticed an Ice Fiend
 19870 | IceCv    | Noticed an Ice Fiend
 19873 | IceCv    | Killed an Ice Fiend
 19883 | IceCv    | Slain by an Ice Fiend

Illustrated notes

Levels and vault maps discovered:
D:1:      dpeg_arrival_pits, layout_rooms, minmay_pentomino_w2
D:2:      minmay_alternating_diamond, layout_loops_corners,
          hangedman_abyss_or_decor_lesser_grid, corexii_item_surrounded_by_moat,
          serial_park_tiny_pond, uniq_jessica, uniq_robin
D:3:      layout_basic, minmay_quantized
D:4:      layout_loops_cross, minmay_temple_entry_arrows, kennysheep_flooded_box
D:5:      layout_layer_cave, makhleb_heckhound_becter, serial_shops,
          nicolae_square_shop, minmay_fire_ice_demons
D:6:      layout_basic, mainiacjoe_overflow_concentric_impassable,
          grunt_ministairs_8
D:7:      minmay_opposing_rooms, layout_gridville, general_overflow_altar
D:8:      layout_basic, grunt_lair_entry_orc_guard_hut, serial_glass,
          glass_columns_a, glass_columns_a, serial_shops, shop,
          minmay_manual_moon, uniq_maggie, uniq_pikel, uniq_psyche
D:9:      layout_small_grid, mainiacjoe_overflow_swirl, orc_0_dummy, serial_ice,
          serial_ice_n, serial_ice_k, serial_ice_o, serial_ice_d, uniq_erica
D:10:     lemuel_castle_with_subvaults [lemuel_castle_interior_carwin_1],
          layout_stronghold, enter_bailey_5, serial_shops, shop_fountains,
          solitary_fountain, evilmike_butchery
D:11:     layout_loops_corners, gauntlet_entry_generic, uniq_snorg, uniq_fannar
D:12:     layout_gridville, lightli_church_of_beogh, uniq_rupert
D:13:     layout_basic, erik_vaults_1, kennysheep_diamond, uniq_erolcha
D:14:     layout_long_grid, minivault_27
D:15:     hangedman_depths_entry_civil_slaughter, layout_cave_pools,
          portal_ice_cave_entry_ice_statue_two, serial_shops, shop,
          minmay_misc_feat_four_crosses
Temple:   sentei_temple_godly_chess
Lair:1:   layout_chaotic_city, grunt_megastairs_5
Orc:1:    layout_diamond_mine, nooodl_orcs_dogs
Orc:2:    st_orc_congregation, layout_caves, uniq_sonja
IceCv:    ice_cave_tombish

Skill      XL: |  1  2  3  4  5  6  7  8  9 10 11 12 13 14 15 |
---------------+----------------------------------------------+-----
Stealth        | 10 11 12 13 | 13.8
Invocations    | 1 2 3 4 5 6 7 8 9 10 11 | 11.3
Short Blades   | 1 2 3 4 5 6 7 8 9 10 | 10.4
Long Blades    | 1 2 3 4 5 6 7 8 9 10 | 10.4
Maces & Flails | 1 2 3 4 5 6 7 8 9 10 | 10.4
Polearms       | 1 2 3 4 5 6 7 8 9 10 | 10.4
Staves         | 1 2 3 4 5 6 7 8 9 10 | 10.4
Ranged Weapons | 1 2 3 4 5 6 7 8 9 10 | 10.4
Throwing       | 1 2 3 4 5 6 7 8 9 10 | 10.4
Armour         | 1 2 3 4 5 6 7 8 9 10 | 10.4
Shields        | 1 2 3 4 5 6 7 8 9 10 | 10.4
Unarmed Combat | 1 2 3 4 5 6 7 8 9 10 | 10.4
Spellcasting   | 1 2 3 4 5 6 7 8 9 10 | 10.4
Evocations     | 1 2 3 4 5 6 7 8 9 10 | 10.4
Conjurations   | 1 2 3 4 5 6 7 8 |  8.7
Hexes          | 1 2 3 4 5 6 7 8 |  8.7
Summonings     | 1 2 3 4 5 6 7 8 |  8.7
Necromancy     | 1 2 3 4 5 6 7 8 |  8.7
Translocations | 1 2 3 4 5 6 7 8 |  8.7
Transmutations | 1 2 3 4 5 6 7 8 |  8.7
Fire Magic     | 1 2 3 4 5 6 7 8 |  8.7
Ice Magic      | 1 2 3 4 5 6 7 8 |  8.7
Air Magic      | 1 2 3 4 5 6 7 8 |  8.7
Earth Magic    | 1 2 3 4 5 6 7 8 |  8.7
Poison Magic   | 1 2 3 4 5 6 7 8 |  8.7
Axes           | 5 6 7 8 9 10 11 | 11.3
Dodging        | 5 6 7 8 9 11 12 13 14 | 14.1
Fighting       | 7 8 9 10 11 12 | 12.2

Action                     |  1- 3 |  4- 6 |  7- 9 | 10-12 | 13-15 || total
---------------------------+-------+-------+-------+-------+-------++-------
  Melee: Hand axe          |    43 |   173 |   176 |   170 |       ||   562
         Bite              |     4 |     9 |    24 |    50 |    47 ||   134
         Punch             |       |     3 |     4 |    10 |       ||    17
         Dire flail        |       |       |       |   110 |       ||   110
         Battleaxe         |       |       |       |    42 |   275 ||   317
         Executioner's axe |       |       |       |       |    54 ||    54
  Throw: Dart              |       |       |     1 |     1 |       ||     2
         Boomerang         |       |       |       |     6 |     2 ||     8
   Cast: Poisonous Vapours |       |       |    11 |    22 |    18 ||    51
         Olgreb's Toxic Ra |       |       |     7 |    46 |    41 ||    94
         Ignite Poison     |       |       |       |    30 |    54 ||    84
         Borgnjor's Vile C |       |       |       |       |     1 ||     1
         Volatile Blastmot |       |       |       |       |     7 ||     7
         Passage of Golubr |       |       |       |       |     3 ||     3
 Invoke: Slouch            |       |       |       |     2 |     5 ||     7
         Temporal Distorti |       |       |       |       |     2 ||     2
  Evoke: Wand              |       |       |     6 |     4 |     8 ||    18
    Use: Potion            |     1 |     3 |     3 |     3 |     7 ||    17
         Scroll            |     1 |       |    10 |    10 |     9 ||    30
   Stab: Sleeping          |     4 |    26 |     5 |     6 |    15 ||    56
         Distracted        |       |       |     2 |     2 |     5 ||     9
         Invisible         |       |       |     5 |     2 |       ||     7
 Armour: Leather armour    |     8 |     3 |       |     5 |    73 ||    89
         Robe              |       |    42 |    35 |    23 |       ||   100
         Ring mail         |       |       |       |    31 |    40 ||    71
  Dodge: Dodged            |    20 |   117 |   239 |   508 |   741 ||  1625
